 Dungeon Crawl Stone Soup version 0.22-a0-448-g1fb7470 (webtiles) character file.

70 Megalobster the Conjurer (level 4, -7/33 HPs)
             Began as a Draconian Conjurer on June 4, 2018.
             Mangled by an ice beast (10 damage)
             ... on level 3 of the Dungeon.
             The game lasted 00:06:30 (2040 turns).

Megalobster the Conjurer (Draconian Conjurer)       Turns: 2040, Time: 00:06:31

Health: -7/33      AC:  5    Str: 10    XL:     4   Next: 4%
Magic:  3/8        EV: 12    Int: 16    God:
Gold:   108        SH:  0    Dex: 12    Spells: 5/8 levels left

rFire    . . .     SeeInvis .   a - +1 short sword (venom)
rCold    . . .     Gourm    .   (no shield)
rNeg     . . .     Faith    .   (armour unavailable)
rPois    .         Spirit   .   (helmet restricted)
rElec    .         Reflect  .   (no cloak)
rCorr    .         Harm     .   (no gloves)
MR       .....                  (no boots)
Stlth    ++........             (no amulet)
HPRegen  0.11/turn              (no ring)
MPRegen  0.11/turn              (no ring)

@: slowed, very slow
A: unfitting armour, cold-blooded, AC +5
a: no special abilities


You were on level 3 of the Dungeon.
You were not hungry.

You visited 1 branch of the dungeon, and saw 3 of its levels.

You collected 108 gold pieces.

Inventory:

Hand Weapons
 a - a +1 short sword of venom (weapon)
 b - a +0 hunting sling
 e - a +0 dagger
 i - a +0 dagger of speed
Missiles
 t - 16 stones (quivered)
 v - 38 sling bullets
Scrolls
 f - 3 scrolls of enchant weapon {unknown}
 h - 2 scrolls of teleportation {unknown}
 j - 2 scrolls of identify {unknown}
 n - a scroll of remove curse {unknown}
 s - a scroll of enchant armour {unknown}
 u - a scroll of noise {unknown}
Potions
 c - a potion of cancellation {unknown}
 d - a potion of lignification {unknown}
 k - a potion of degeneration {unknown}
 l - a potion of brilliance {unknown}
 o - a potion of curing {unknown}
 p - a potion of berserk rage {unknown}
 q - 2 potions of haste {unknown}
 r - a potion of magic {unknown}
Comestibles
 g - 2 rations


   Skills:
 + Level 0.1 Fighting
 + Level 1.8 Dodging
 - Level 1.7 Stealth
 + Level 2.7 Spellcasting
 * Level 5.1 Conjurations


You had 5 spell levels left.
You knew the following spells:

 Your Spells              Type           Power        Failure   Level  Hunger
a - Magic Dart            Conj           ###.         2%          1    #......
b - Searing Ray           Conj           ###...       3%          2    ##.....

Your spell library contained the following spells:

 Spells                   Type           Power        Failure   Level  Hunger
 Iskenderun's Mystic Bla  Conj           ###.....     22%         4    #####..
 Fulminant Prism          Conj/Hex       ##........   54%         4    #####..
 Dazzling Spray           Conj/Hex       ##....       21%         3    ###....
 Force Lance              Conj/Tloc      ##......     54%         4    #####..


Dungeon Overview and Level Annotations

Branches:
Dungeon (3/15)

Altars:
Makhleb
Yredelemnul
The Shining One


Innate Abilities, Weirdness & Mutations

Your plain brown scales are hard. (AC +5)
You cannot fit into any form of body armour.
You are cold-blooded and may be slowed by cold attacks.


Message History

The ice beast hits you. The ice beast freezes you!
You feel yourself slow down.
You take 17 damage, and have 16/33 hp.
MASSIVE DAMAGE!!
You now have 5/8 mp.
The searing ray hits the ice beast.
The ice beast is moderately wounded.
The ice beast misses you. The ice beast hits you. The ice beast freezes you!
You feel as though you will be slow longer.
* * * LOW HITPOINT WARNING * * *
You take 10 damage, and have 6/33 hp.
MASSIVE DAMAGE!!
You now have 4/8 mp.
The searing ray hits the ice beast.
The ice beast is severely wounded.
You finish channeling your searing ray.
The ice beast misses you.
You now have 3/8 mp.
You hit the ice beast but do no damage. You tail-slap the ice beast.
The ice beast is severely wounded.
The ice beast hits you.
* * * LOW HITPOINT WARNING * * *
The ice beast freezes you!
You feel as though you will be slow longer.
You die...

#####...####.........#
...........+.........+
.........###.........#
.#####...# ##.......##
.# #.....# ##.....##
.###.###.# ##...##
.........# ##'##
####.##### #.# # #.#
#@# #.# #Y# #.# ...
#.. ..... ### ##....#
##.#.# #.#.# .....


You could see an ice beast.

Vanquished Creatures
  4 adders
  A worm (D:2)
  A leopard gecko (D:3)
  A giant cockroach (D:2)
  6 goblins
  4 hobgoblins
  4 kobolds
  3 bats
  A frilled lizard (D:2)
  7 rats (D:2)
32 creatures vanquished.

Notes
Turn   | Place    | Note
-------+----------+-------------------------------------------
     0 | D:1      | Megalobster the Draconian Conjurer began the quest for the Orb.
     0 | D:1      | Reached XP level 1. HP: 14/14 MP: 3/3
    70 | D:1      | You fall through a shaft!
   132 | D:2      | Reached XP level 2. HP: 20/20 MP: 0/5
   195 | D:2      | Learned a level 2 spell: Searing Ray
   340 | D:1      | Noticed a big kobold
   340 | D:1      | Noticed a big kobold
   340 | D:1      | Noticed a big kobold
   340 | D:1      | Noticed a big kobold
   340 | D:1      | Noticed a troll
  1264 | D:2      | Reached XP level 3. HP: 26/26 MP: 6/6
  1821 | D:3      | Found a burning altar of Makhleb.
  1821 | D:3      | Found a glowing golden altar of the Shining One.
  1903 | D:3      | Found a basalt altar of Yredelemnul.
  1922 | D:3      | Reached skill level 5 in Conjurations
  2020 | D:3      | Reached XP level 4. HP: 33/33 MP: 8/8
  2035 | D:3      | Noticed an ice beast
  2040 | D:3      | Mangled by an ice beast

Vault maps used:
D:1:      erik_arrival_cave_to_civilisation, minmay_misc_feat_hallway
D:3:      chequers_temple_overflow_statue_of_worship, yredelemnul_altar_generic,
          makhleb_blood_cavern_becter

Skill      XL: |  1  2  3 |
---------------+----------+-----
Conjurations   | 5 |  5.1
Fighting       | |  0.1
Dodging        | |  1.8
Stealth        | |  1.7
Spellcasting   | |  2.7

Action                   |  1- 3 |  4- 6 || total
-------------------------+-------+-------++-------
Melee: Unarmed           |     6 |       ||     6
       Dagger            |    22 |       ||    22
       Short sword       |    27 |     1 ||    28
       Tailslap          |     1 |     1 ||     2
 Fire: Hunting sling     |     4 |       ||     4
 Cast: Magic Dart        |    19 |       ||    19
       Searing Ray       |     3 |     1 ||     4
 Stab: Sleeping          |     1 |       ||     1
  Eat: Ration            |     1 |       ||     1
Armor: Skin              |    16 |       ||    16
Dodge: Dodged            |    37 |     2 ||    39

Table legend:
 A = Spawn XP
 B = Non-spawn XP
 C = Spawn XP percentage of total XP
 D = Spawn monster count
 E = Non-spawn monster count
 F = Spawn count percentage of total count
 G = Total turns spent on level
                    A         B        C        D         E        F      G
               +---------+---------+-------+---------+---------+-------+---------
         Total |       0 |     101 |   0.0 |       0 |      32 |   0.0 |  2040
               +---------+---------+-------+---------+---------+-------+---------
           D:1 |       0 |      13 |   0.0 |       0 |       7 |   0.0 |  1060
           D:2 |       0 |      57 |   0.0 |       0 |      21 |   0.0 |   761
           D:3 |       0 |      31 |   0.0 |       0 |       4 |   0.0 |   219
               +---------+---------+-------+---------+---------+-------+---------
